Map: King Sejong Station LE

Players

Ingrimmsch - Winner!

  • Race: Terran Terran
  • League: Diamond

blackxored

  • Race: Zerg Zerg
  • League: Diamond

VOD

Have the link to the VOD?

Description

Time

  • Played on: June 19, 2016, 1:54 p.m.
  • Length: 15:04
Show
View Real Time Build Order
Export as new Build Order

Ingrimmsch Terran - Winner!

Build Orders: Reaper Expand, Hellion Banshee 

Get SALT Encoding   

  12  0:01  SCV  
  13  0:13  SCV  
  14  0:19  Supply Depot  
  14  0:25  SCV  
  15  0:40  SCV  
  15  0:42  Barracks  
  16  0:51  Refinery  
  16  0:52  SCV  
  17  1:04  SCV  
  18  1:16  SCV  
  19  1:30  Orbital Command  
  19  1:35  Reaper  
  20  1:40  Command Center  
  20  1:45  Refinery  
  20  1:55  SCV  
  21  2:03  Supply Depot  
  21  2:10  Factory  
  21  2:15  SCV  
  22  2:27  Barracks Reactor, SCV  
  23  2:37  Supply Depot  
  23  2:39  SCV  
  24  2:51  SCV  
  25  3:03  SCV  
  25  3:05  Starport  
  26  3:07  Orbital Command  
  26  3:11  Hellion x2  
  30  3:13  Barracks Tech Lab  
  30  3:15  SCV  
  31  3:27  Armory  
  31  3:28  SCV  
  31  3:33  Hellion  
  34  3:40  SCV  
  35  3:43  Hellion  
  36  3:54  Hellion, Banshee  
  41  3:58  SCV x2  
  43  4:04  Hellion  
  45  4:10  SCV  
  45  4:14  Cloaking Field  
  45  4:15  SCV  
  45  4:16  Hellion  
  49  4:22  SCV  
  49  4:23  Supply Depot  
  50  4:28  SCV  
  51  4:33  Hellion  
  51  4:34  SCV  
  45  5:18  Hellion x2  
  45  5:40  Hellion x2  
  45  5:41  Banshee  
  48  5:45  SCV x2  
  48  5:47  Refinery  
  48  5:48  Refinery  
  50  5:53  Factory  
  50  5:55  Factory  
  50  5:57  SCV  
  50  6:00  Command Center  
  50  6:01  Hellion x2  
  55  6:05  Factory  
  55  6:22  Hellion x2  
  54  6:37  Banshee  
  57  6:40  Hellion x2  
  61  6:49  Hellion  
  61  6:50  Hellion  
  61  6:51  Hellion  
  59  7:00  Orbital Command  
  58  7:02  Hellion x2  
  62  7:13  Hellion x6  
  62  7:27  Supply Depot, Terran Vehicle Weapons Level 1  
  62  7:28  Supply Depot, Factory Tech Lab  
  62  7:29  Factory Tech Lab  
  62  7:31  Factory Tech Lab  
  62  7:49  Hellion x2, SCV, Banshee  
  62  7:50  SCV  
  71  7:57  Marine  
  69  8:02  SCV  
  69  8:11  Hellion x2  
  73  8:14  SCV x2  
  73  8:15  Marine  
  76  8:24  Hellion  
  78  8:30  Command Center  
  78  8:46  Marine  
  78  8:47  SCV  
  78  8:54  Engineering Bay  
  78  8:55  Engineering Bay  
  78  8:56  Siege Tank  
  78  8:57  Hellion, SCV  
  78  8:59  Siege Tank  
  78  9:05  SCV  
  78  9:06  Hellion  
  78  9:08  Thor  
  78  9:09  SCV  
  73  9:17  SCV  
  73  9:19  Hellion  
  72  9:28  Hellion, Thor  
  72  9:29  Marine  
  73  9:31  Widow Mine  
  73  9:34  Missile Turret  
  73  9:38  Missile Turret  
  73  9:39  Widow Mine  
  75  9:47  Marine, Missile Turret  
  75  9:51  Missile Turret  
  76  9:58  Missile Turret  
  76  10:04  Marine  
  76  10:05  Widow Mine  
  76  10:06  Widow Mine  
  77  10:33  Thor x2  
  77  10:34  Hellion  
  77  10:35  Hellion x2  
  87  10:36  SCV  
  87  10:38  Refinery  
  88  10:45  Orbital Command  
  88  10:48  SCV x2  
  90  10:55  Widow Mine  
  92  11:04  Widow Mine x2  
  84  11:16  Thor  
  88  11:20  Thor  
  88  11:24  Hellion  
  90  11:33  Hellion  
  90  11:39  Hellion  
  90  11:46  Hellion  
  90  11:47  Infernal Pre-Igniter  
  82  11:54  Hellion  
  82  11:59  Hellion  
  86  12:06  Thor  
  92  12:10  SCV  
  93  12:16  Missile Turret  
  93  12:34  Drilling Claws  
  93  12:38  Refinery  
  93  12:41  SCV  
  93  12:52  SCV  
  93  13:01  Armory  
  93  13:38  Refinery  
  93  13:42  SCV x2  
  93  13:43  Hellion x5, SCV  
  93  13:45  Marine  
  107  13:50  Supply Depot  
  107  13:53  Supply Depot  
  107  13:54  SCV  
  107  13:55  SCV  
  109  14:11  Marine  
  109  14:12  Hellion x2, SCV x3  
  109  14:14  Widow Mine  
  109  14:15  Hellion x2  
  123  14:24  SCV x2  
  125  14:32  Supply Depot  
  125  14:34  Supply Depot  
  125  14:35  Marine  
  125  14:36  Supply Depot, Hellion x4, SCV x3  
  137  14:41  Command Center  
  137  14:48  SCV x3  
Show
View Real Time Build Order
Export as new Build Order

blackxored Zerg 

Build Orders: Hatch First 

Get SALT Encoding   

  12  0:02  Drone  
  13  0:08  Drone  
  14  0:17  Overlord  
  14  0:22  Extractor  
  14  0:23  Drone  
  15  0:37  Drone  
  15  0:38  Drone  
  17  0:54  Hatchery  
  16  0:57  Drone  
  16  0:59  Drone  
  18  1:12  Extractor  
  18  1:16  Spawning Pool  
  18  1:17  Drone  
  17  1:20  Drone  
  18  1:28  Drone  
  19  1:39  Overlord  
  19  1:50  Drone  
  20  2:04  Queen  
  20  2:05  Zergling x2  
  20  2:06  Queen  
  20  2:07  Zergling x2  
  26  2:12  Zergling x2  
  26  2:13  Metabolic Boost  
  27  2:23  Drone  
  27  2:24  Drone  
  29  2:37  Drone  
  29  2:39  Hatchery  
  29  2:59  Drone x3  
  29  3:00  Drone x2  
  29  3:03  Queen  
  36  3:26  Overlord x2  
  36  3:44  Drone x2  
  36  3:45  Drone x4  
  42  3:59  Drone x2  
  44  4:06  Queen  
  44  4:07  Drone  
  44  4:08  Drone x5  
  52  4:15  Queen  
  52  4:16  Queen  
  56  4:31  Zergling x2  
  56  4:32  Zergling x2  
  56  4:33  Overlord x3  
  56  4:48  Zergling x4  
  52  5:00  Zergling x20  
  54  5:20  Spore Crawler  
  46  5:25  Spore Crawler  
  37  5:37  Zergling x18  
  45  5:50  Lair  
  45  5:55  Drone x3, Spore Crawler  
  37  6:30  Zergling x22  
  47  6:34  Extractor, Drone x2  
  47  6:35  Drone x2  
  50  6:42  Zergling x2  
  45  7:01  Drone  
  45  7:02  Drone x3  
  45  7:03  Spire  
  41  7:19  Drone x7  
  41  7:20  Drone x4  
  52  7:35  Queen  
  54  7:40  Extractor, Drone  
  54  7:41  Extractor, Drone x4  
  57  7:44  Drone  
  58  7:53  Zergling x2  
  58  7:54  Zergling x10  
  54  8:16  Mutalisk x5  
  54  8:17  Mutalisk x2  
  68  8:22  Overseer  
  68  8:26  Zerg Flyer Weapons Level 1  
  69  8:27  Drone x6  
  69  8:28  Drone  
  69  8:31  Mutalisk  
  69  8:32  Mutalisk  
  60  8:57  Mutalisk  
  60  8:58  Mutalisk  
  48  9:08  Mutalisk  
  47  9:11  Zergling x14  
  47  9:12  Zergling x4  
  55  9:32  Mutalisk  
  55  9:35  Drone x2  
  55  9:36  Drone x2  
  55  9:37  Drone  
  62  9:40  Drone x2  
  62  9:42  Drone x2  
  66  9:48  Zergling x4  
  66  9:49  Zergling x2  
  69  10:04  Drone x2  
  69  10:05  Drone x2  
  71  10:15  Zergling x4  
  71  10:16  Zergling x2  
  71  10:21  Evolution Chamber  
  71  10:23  Evolution Chamber  
  71  10:26  Mutalisk x3  
  66  10:44  Zergling x2  
  66  10:45  Zergling x8  
  71  10:51  Drone x2  
  65  11:09  Mutalisk x3  
  67  11:17  Zergling x4  
  65  11:33  Zergling x10  
  65  11:34  Zergling x2  
  70  11:41  Drone x2  
  70  11:42  Drone  
  71  11:47  Mutalisk  
  65  12:08  Drone x7  
  71  12:16  Infestation Pit  
  70  12:27  Zerg Melee Weapons Level 1, Zerg Ground Armor Level 1  
  61  12:55  Zergling x18  
  66  13:01  Overlord x3  
  66  13:04  Queen  
  66  13:19  Zergling x4  
  68  13:20  Zergling x8  
  64  13:31  Hive  
  64  13:33  Drone x2  
  64  13:34  Drone x3  
  69  13:55  Hatchery  
  65  14:18  Roach Warren  
  60  14:44  Extractor  
  59  14:47  Extractor  
Tags
 
Add a new tag
Caveats
  • Supply blocks, unpowered buildings, or Contaminate may cause inaccurate times.
  • Supply counts are checked every 10 seconds.